 Dungeon Crawl Stone Soup version 0.25-a0-589-g1e14c549ee (webtiles) character file.

Game seed: 16614478218342777389, levelgen mode: deterministic

266 An17 the Ruffian (level 6, -5/47 HPs)
             Began as a Draconian Transmuter on Mar 9, 2020.
             Was an Initiate of Sif Muna.
             Slain by Crazy Yiuf
             ... wielding a +2 quarterstaff of chaos
              (10 damage)
             ... on level 2 of the Dungeon.
             The game lasted 00:10:41 (1409 turns).

An17 the Ruffian (Draconian Transmuter)             Turns: 1409, Time: 00:10:42

Health: -5/47      AC:  2    Str: 13    XL:     6   Next: 0%
Magic:  7/10       EV: 21    Int: 15    God:    Sif Muna [......]
Gold:   111        SH:  0    Dex: 16    Spells: 0/10 levels left

rFire    . . .     SeeInvis .     - Unarmed
rCold    . . .     Gourm    .   (shield currently unavailable)
rNeg     . . .     Faith    .   (armour unavailable)
rPois    x         Spirit   .   (helmet currently unavailable)
rElec    .         Reflect  .   (cloak currently unavailable)
rCorr    .         Harm     .   (gloves currently unavailable)
MR       .....                  (boots currently unavailable)
Stlth    +.........             (no amulet)
HPRegen  0.15/turn              (no ring)
MPRegen  0.12/turn              (no ring)

@: spider-form (expiring)
A: tiny, unfitting armour, AC +6
a: End Transformation, Renounce Religion


You were on level 2 of the Dungeon.
You worshipped Sif Muna.
Sif Muna was noncommittal.
You were not hungry.
You were a venomous arachnid creature.
You visited 1 branch of the dungeon, and saw 2 of its levels.

You collected 111 gold pieces.

Inventory:

Missiles
 a - 39 arrows
Scrolls
 b - a scroll of remove curse
Potions
 d - a potion of lignification {unknown}
 e - a potion of curing
 f - a potion of mutation
Comestibles
 c - 6 rations


   Skills:
 + Level 1.2 Fighting
 + Level 3.0 Dodging
 + Level 5.1 Unarmed Combat
 + Level 2.9 Spellcasting
 + Level 2.9 Transmutations
 + Level 0.1 Poison Magic


You couldn't memorise any spells.
You knew the following spells:

 Your Spells              Type           Power        Failure   Level  Hunger
a - Beastly Appendage     Tmut           ##....       17%         1    #......
b - Sticks to Snakes      Tmut           ##......     22%         2    ##.....
c - Spider Form           Tmut/Pois      #.........   54%         3    ###....
d - Ice Form              Ice/Tmut       #.......     88%         4    #####..

Your spell library contained the following spells:

 Spells                   Type           Power        Failure   Level  Hunger
 Blade Hands              Tmut           ##........   95%         5    ######.


Dungeon Overview and Level Annotations

Branches:
Dungeon (2/15)

Altars:
Sif Muna
Xom

Annotations:
D:2 Crazy Yiuf


Innate Abilities, Weirdness & Mutations

((Your plain brown scales are hard. (AC +6)))
You cannot fit into any form of body armour.
((You are cold-blooded and may be slowed by cold attacks.))


Message History

The floor.
Casting: Beastly Appendage (safe; 6% risk of failure)
Confirm with . or Enter, or press ? or * to list all spells.
You turn into a venomous arachnid creature.
As you open the door, it creaks loudly!
You hit Crazy Yiuf but do no damage.
Crazy Yiuf is poisoned.
Crazy Yiuf drinks a potion.
Crazy Yiuf looks more healthy.
You hit Crazy Yiuf.
Crazy Yiuf is moderately wounded.
You hit Crazy Yiuf but do no damage.
Crazy Yiuf is poisoned.
Crazy Yiuf is moderately wounded.
Crazy Yiuf hits you with a +2 quarterstaff of chaos.
You are electrocuted!!
* * * LOW HITPOINT WARNING * * *
You completely miss Crazy Yiuf.
Crazy Yiuf is moderately wounded.
Your transformation is almost over.
Crazy Yiuf screams, "Tosser tea wrapper!"
Crazy Yiuf hits you with a +2 quarterstaff of chaos!
You die...

..............#############
.######.......[...........#
.# #.......###########.# .#
#..###### #.# .# #..# #.#
.# #### #######.## ##
###**###.#...+..#
#...##..#..P....#
#...gs####PP....# #)..###
##P.+.## ###** ######


You could see Crazy Yiuf.

Vanquished Creatures
  Sigmund (D:2)
  4 adders (D:2)
  2 oozes (D:1)
  2 worms (D:2)
  2 dart slugs
  3 leopard geckos
  2 giant cockroaches
  A goblin (D:2)
  5 hobgoblins
  10 jackals
  8 kobolds
  3 bats (D:2)
  5 frilled lizards
  6 rats
54 creatures vanquished.

Notes
Turn   | Place    | Note
-------+----------+-------------------------------------------
     0 | D:1      | An17 the Draconian Transmuter began the quest for the Orb.
     0 | D:1      | Reached XP level 1. HP: 16/16 MP: 3/3
   102 | D:1      | Reached XP level 2. HP: 20/23 MP: 3/5
   106 | D:1      | Learned a level 2 spell: Sticks to Snakes
   366 | D:1      | Reached XP level 3. HP: 28/28 MP: 6/6
   371 | D:1      | Learned a level 3 spell: Spider Form
   857 | D:2      | Reached skill level 4 in Unarmed Combat
  1003 | D:2      | Found a shimmering altar of Xom.
  1100 | D:2      | Reached XP level 4. HP: 18/35 MP: 7/7
  1118 | D:2      | Found a shimmering blue altar of Sif Muna.
  1121 | D:2      | Became a worshipper of Sif Muna the Loreminder
  1140 | D:2      | Noticed Sigmund
  1153 | D:2      | Killed Sigmund
  1153 | D:2      | Reached XP level 5. HP: 23/40 MP: 1/9
  1188 | D:2      | Reached skill level 5 in Unarmed Combat
  1305 | D:2      | Reached XP level 6. HP: 13/47 MP: 8/10
  1315 | D:2      | Learned a level 4 spell: Ice Form
  1400 | D:2      | Found a runed translucent door.
  1401 | D:2      | Noticed Crazy Yiuf
  1409 | D:2      | Slain by Crazy Yiuf

Levels and vault maps discovered:
D:1:      minmay_arrival_four_loops, layout_loops_ring
D:2:      layout_rooms, old_standard_altar, lemuel_blue_sif_altar, first_ration,
          uniq_sigmund, uniq_crazy_yiuf_cottage

Skill      XL: |  1  2  3  4  5 |
---------------+----------------+-----
Dodging        | 2 3 |  3.0
Unarmed Combat | 4 5 |  5.1
Fighting       | |  1.2
Spellcasting   | |  2.9
Transmutations | |  2.9
Poison Magic   | |  0.1

Action                   |  1- 3 |  4- 6 || total
-------------------------+-------+-------++-------
Melee: Unarmed           |   147 |    52 ||   199
       Tailslap          |    18 |     3 ||    21
       Kick              |     9 |     5 ||    14
       Headbutt          |     8 |       ||     8
       Punch             |     1 |     1 ||     2
 Cast: Beastly Appendage |    13 |     6 ||    19
       Spider Form       |       |     2 ||     2
  Use: Scroll            |     5 |     2 ||     7
 Stab: Sleeping          |     1 |       ||     1
  Eat: Ration            |       |     1 ||     1
Armor: Skin              |    45 |    16 ||    61
Dodge: Dodged            |    94 |    44 ||   138

Table legend:
 A = Non-vault XP
 B = Vault XP
 C = Vault XP percentage of total XP
 D = Non-vault monster count
 E = Vault monster count
 F = Vault count percentage of total count
                 A         B        C        D         E       F
            +---------+---------+-------+---------+---------+-------
      Total |     157 |     223 |  58.7 |      53 |       1 |   1.9
            +---------+---------+-------+---------+---------+-------
        D:1 |      49 |       0 |   0.0 |      23 |       0 |   0.0
        D:2 |     108 |     223 |  67.4 |      30 |       1 |   3.2
            +---------+---------+-------+---------+---------+-------
